 Dungeon Crawl Stone Soup version 0.22-a0-469-gf26638a (webtiles) character file.

1195 iamserjio the Grappler (level 8, -1/70 HPs)
             Began as a Yellow Draconian Gladiator on June 11, 2018.
             Slain by a killer bee (4 damage)
             ... on level 7 of the Dungeon.
             The game lasted 00:15:37 (7313 turns).

iamserjio the Grappler (Yellow Draconian Gladiator) Turns: 7313, Time: 00:15:38

Health: -1/70      AC:  7    Str: 32    XL:     8   Next: 20%
Magic:  8/8        EV: 13    Int: 11    God:
Gold:   168        SH:  0    Dex: 12    Spells: 7/7 levels left

rFire    . . .     SeeInvis .     - Unarmed
rCold    . . .     Gourm    .   (no shield)
rNeg     . . .     Faith    .   (armour unavailable)
rPois    .         Spirit   .   a - +0 hat
rElec    .         Reflect  .   (no cloak)
rCorr    +         Harm     .   L - +0 pair of gloves {Str+3}
MR       .....                  (no boots)
Stlth    +.........             (no amulet)
HPRegen  0.21/turn              i - +4 ring of strength
MPRegen  0.11/turn              o - +3 ring of strength

@: mighty, lethally poisoned (-1 -> -3), hasted, very quick
A: spit acid, acid resistance, unfitting armour, cold-blooded, AC +6
a: Breathe Acid


You were on level 7 of the Dungeon.
You were hungry.

You visited 1 branch of the dungeon, and saw 7 of its levels.

You collected 325 gold pieces.
You spent 157 gold pieces at shops.

Inventory:

Hand Weapons
 H - a +0 blowgun
Missiles
 e - 204 stones (quivered)
 l - 3 tomahawks of dispersal
 n - 56 poisoned needles
 z - 95 arrows
 I - 5 curare-tipped needles
 O - 3 exploding tomahawks
Armour
 a - a +0 hat (worn)
 L - a +0 pair of gloves of strength (worn)
Jewellery
 i - a +4 ring of strength (left hand)
 o - a +3 ring of strength (right hand)
 x - an uncursed ring of protection from fire
 F - an uncursed ring of wizardry
 M - an uncursed ring of magical power
 P - an uncursed ring of protection from fire
Wands
 t - a wand of random effects (14)
 B - a wand of flame (9)
 C - a wand of paralysis (13)
 E - a wand of clouds (5)
 R - a wand of enslavement (4)
Scrolls
 f - a scroll of teleportation {unknown}
 g - 2 scrolls of immolation
 j - a scroll of magic mapping {unknown}
 k - 2 scrolls of enchant weapon
 p - 4 scrolls of remove curse
 r - 5 scrolls of random uselessness
 v - a scroll of amnesia
 y - a scroll of blinking {unknown}
Potions
 d - a potion of mutation {unknown}
 m - a potion of flight {unknown}
 s - 2 potions of heal wounds {unknown}
 u - 2 potions of degeneration {unknown}
 w - 3 potions of haste
 A - 2 potions of might
 D - 2 potions of lignification {unknown}
 G - a potion of invisibility {unknown}
 J - a potion of resistance {unknown}
 K - a potion of ambrosia {unknown}
 N - a potion of agility {unknown}
 Q - a potion of cancellation {unknown}
Comestibles
 c - 12 rations
 h - 3 chunks of flesh


   Skills:
 + Level 6.2 Fighting
 - Level 1.7 Throwing
 + Level 3.8 Dodging
 * Level 8.2 Unarmed Combat


You had 7 spell levels left.
You didn't know any spells.
Your spell library was empty.

Dungeon Overview and Level Annotations

Branches:
Dungeon (7/15)
 Temple: D:4-7

Altars:
Trog

Shops:
D:4 [   D:5 =   D:7 =


Innate Abilities, Weirdness & Mutations

You can spit globs of acid.
You are resistant to acid.
Your golden yellow scales are hard. (AC +6)
You cannot fit into any form of body armour.
You are cold-blooded and may be slowed by cold attacks.


Message History

* * * LOW HITPOINT WARNING * * *
The killer bee stings you!
* * * LOW HITPOINT WARNING * * *
The killer bee stings you but does no damage.
You feel better. The killer bee stings you.
* * * LOW HITPOINT WARNING * * *
You are poisoned.
The killer bee poisons you! The killer bee misses you.
The killer bee barely misses you. The killer bee closely misses you.
It was a potion of might.
You feel very mighty all of a sudden.
You have got your breath back.
* * * LOW HITPOINT WARNING * * *
You feel sick. The killer bee barely misses you.
The killer bee stings you but does no damage.
The killer bee barely misses you. The killer bee closely misses you.
It was a potion of haste.
You feel yourself speed up.
* * * LOW HITPOINT WARNING * * *
You feel sick. The killer bee stings you.
You die...

................
#######..#######
.............# .
+######'####+#..
#............
#............
#............
#.....y....#.
#####@###....
#y# .##.
.$..........#
.......#....#
....... ...y#
.###### #.....
...... #....(
.###y


You could see 2 killer bees.

Vanquished Creatures
  The ghost of Ratty the Bolt Thrower, an amateur KoAM of Okawaru (D:3)
  An ogre (D:7)
  A centaur (D:6)
  Blork the orc (D:6)
  2 scorpions (D:4)
  2 killer bees (D:7)
  2 howler monkeys (D:4)
  A crimson imp (D:5)
  A bullfrog skeleton (D:5)
  2 hounds
  An orc priest (D:5)
  Terence (D:2)
  6 worker ants
  A hound skeleton (D:7)
  A worker ant zombie (D:6)
  4 gnolls (D:2)
  7 adders
  A shadow imp (D:6)
  An ooze (D:3)
  An adder zombie (D:5)
  An adder skeleton (D:4)
  3 worms
  3 dart slugs (D:1)
  8 leopard geckos
  9 orcs
  6 giant cockroaches
  9 goblins
  10 hobgoblins
  13 jackals
  5 quokkas
  A ball python (D:1)
  10 bats
  A frilled lizard (D:3)
  A jackal zombie (D:6)
  7 kobolds
  A leopard gecko skeleton (D:5)
  8 rats
134 creatures vanquished.

Notes
Turn   | Place    | Note
-------+----------+-------------------------------------------
     0 | D:1      | iamserjio the Draconian Gladiator began the quest for the Orb.
     0 | D:1      | Reached XP level 1. HP: 17/17 MP: 1/1
    92 | D:1      | Reached XP level 2. HP: 23/25 MP: 2/2
   462 | D:1      | Reached XP level 3. HP: 30/30 MP: 3/3
   902 | D:2      | Noticed Terence
   926 | D:2      | Killed Terence
   926 | D:2      | Reached skill level 4 in Unarmed Combat
   926 | D:2      | Reached XP level 4. HP: 19/38 MP: 4/4
  2926 | D:2      | Reached XP level 5. HP: 45/45 MP: 5/5
  3151 | D:2      | Reached skill level 5 in Unarmed Combat
  3794 | D:4      | Found Nafeid's Antique Armour Boutique.
  3819 | D:4      | Reached XP level 6. HP: 52/52 MP: 6/6
  3890 | D:4      | Reached skill level 6 in Unarmed Combat
  4394 | D:3      | Noticed Ratty's ghost (amateur KoAM)
  4448 | D:3      | Killed Ratty's ghost
  4448 | D:3      | Reached skill level 5 in Fighting
  4448 | D:3      | Your scales start taking on a golden yellow colour.
  4448 | D:3      | Reached XP level 7. HP: 38/61 MP: 7/7
  4940 | D:3      | Found a faded altar of an unknown god.
  5293 | D:4      | Bought a pair of embroidered gloves for 157 gold pieces
  5307 | D:5      | Entered Level 5 of the Dungeon
  5314 | D:5      | Found Kamighys's Jewellery Emporium.
  5332 | D:5      | Reached skill level 7 in Unarmed Combat
  5505 | D:5      | Found a bloodstained altar of Trog.
  6420 | D:6      | Noticed Blork the orc
  6433 | D:6      | Killed Blork the orc
  7137 | D:7      | Found Soeleir's Jewellery Shoppe.
  7145 | D:7      | Reached XP level 8. HP: 70/70 MP: 8/8
  7149 | D:7      | Reached skill level 8 in Unarmed Combat
  7307 | D:7      | HP: 3/70 [killer bee (4)]
  7312 | D:7      | HP: 3/70 [poisoned by a killer bee]
  7313 | D:7      | Slain by a killer bee

Vault maps used:
D:1:      evilmike_arrival_rings
D:2:      first_ration, uniq_terence
D:3:      chequers_ecumenical_altar_twisty
D:4:      serial_shops, nicolae_shop_waterfront
D:5:      serial_shops, shop, basic_altar
D:6:      uniq_blork_the_orc
D:7:      kennysheep_seaside_town, temple_hall, serial_shops, shop,
          kennysheep_generic_room_16, uniq_crazy_yiuf_cottage, uniq_menkaure

Skill      XL: |  1  2  3  4  5  6  7  8 |
---------------+-------------------------+-----
Dodging        | 3 |  3.8
Fighting       | 3 4 5 6 |  6.2
Unarmed Combat | 4 5 6 7 8 |  8.2
Throwing       | |  1.7

Action                   |  1- 3 |  4- 6 |  7- 9 || total
-------------------------+-------+-------+-------++-------
Melee: Unarmed           |   121 |   229 |   160 ||   510
       Tailslap          |     7 |    30 |    20 ||    57
       Punch             |     1 |     5 |     4 ||    10
Throw: Throwing net      |     1 |     1 |     1 ||     3
       Stone             |       |       |     2 ||     2
 Abil: Breathe Acid      |       |       |     1 ||     1
Evoke: Wand              |       |     5 |     4 ||     9
  Use: Scroll            |       |       |     8 ||     8
       Potion            |       |       |     6 ||     6
 Stab: Sleeping          |       |     1 |     1 ||     2
       Paralysed         |       |     6 |     5 ||    11
  Eat: Chunk             |       |    11 |     9 ||    20
Armor: Skin              |    23 |    40 |    44 ||   107
Dodge: Dodged            |    92 |   122 |   101 ||   315

Table legend:
 A = Spawn XP
 B = Non-spawn XP
 C = Spawn XP percentage of total XP
 D = Spawn monster count
 E = Non-spawn monster count
 F = Spawn count percentage of total count
 G = Total turns spent on level
                    A         B        C        D         E        F      G
               +---------+---------+-------+---------+---------+-------+---------
         Total |       0 |    1708 |   0.0 |       0 |     134 |   0.0 |  7313
               +---------+---------+-------+---------+---------+-------+---------
           D:1 |       0 |      67 |   0.0 |       0 |      31 |   0.0 |  1611
           D:2 |       0 |     154 |   0.0 |       0 |      30 |   0.0 |  1707
           D:3 |       0 |     233 |   0.0 |       0 |      28 |   0.0 |  1113
           D:4 |       0 |     358 |   0.0 |       0 |      12 |   0.0 |   876
           D:5 |       0 |     233 |   0.0 |       0 |      17 |   0.0 |   847
           D:6 |       0 |     359 |   0.0 |       0 |      10 |   0.0 |   983
           D:7 |       0 |     304 |   0.0 |       0 |       6 |   0.0 |   176
               +---------+---------+-------+---------+---------+-------+---------
